 Dungeon Crawl Stone Soup version 0.31-a0-574-g69dc8cc98e (webtiles) character file.

Game seed: 13123741952264988295

23306 Frod the Thaumaturge (level 13, -6/99 HPs)
             Began as a Human Ice Elementalist on Aug 18, 2023.
             Was a Priest of Sif Muna.
             Mangled by a cane toad simulacrum (8 damage)
             ... on level 3 of the Lair of Beasts on Aug 19, 2023.
             The game lasted 01:26:42 (13507 turns).

Frod the Thaumaturge (Human Ice Elementalist)      Turns: 13507, Time: 01:26:43

Health: -6/99      AC: 10    Str: 16    XL:     13   Next: 34%
Magic:  22/38      EV: 12    Int: 19    God:    Sif Muna [***...]
Gold:   738        SH:  0    Dex: 17    Spells: 19/36 levels left

rFire   + + +        d - +7 quarterstaff "Camor" {protect, *Rage rC+ Str+6 Dex+3}
rCold   + . .        (shield currently unavailable)
rNeg    . . .        n - +1 robe {rF+}
rPois   .            m - +2 helmet
rElec   .            f - +0 cloak
rCorr   .            q - +2 pair of gloves {hurl}
SInv    +            (no boots)
Will    .....        j - amulet of regeneration
Stlth   ++           y - ring of Daxteeh {rF++ MP+9}
HPRegen 1.16/turn    G - ring of see invisible
MPRegen 0.26/turn

%: random rage (20%)
@: on berserk cooldown, slowed, very slow
A: no striking features
a: Renounce Religion, Channel Magic, Forget Spell


You were on level 3 of the Lair of Beasts.
You worshipped Sif Muna.
Sif Muna was most pleased with you.
You visited 3 branches of the dungeon, and saw 13 of its levels.
You also visited: Sewer and Bailey.

You collected 738 gold pieces.

Inventory:

Hand Weapons
 a - a +3 glaive of draining
 b - a +7 battleaxe of freezing
 c - a +1 sling of draining
 d - the +7 quarterstaff "Camor" (weapon) {protect, *Rage rC+ Str+6 Dex+3}
   (You found it in a bailey)

   Str+6:     It affects your strength (+6).
   Dex+3:     It affects your dexterity (+3).
   rC+:       It protects you from cold.
   *Rage:     It berserks you when you make melee attacks (+20% chance).
Missiles
 g - 49 stones (quivered)
 i - a curare-tipped dart
 s - 39 poisoned darts
 P - 13 boomerangs
Armour
 f - a +0 cloak (worn)
 m - a +2 helmet (worn)
 n - a +1 robe of fire resistance (worn)
 q - a +2 pair of gloves of hurling (worn)
Jewellery
 j - an amulet of regeneration (around neck)
 y - the ring of Daxteeh (left hand) {rF++ MP+9}
   (You acquired it on level 9 of the Dungeon)

   [ring of magical power]

   rF++:      It greatly protects you from fire.
   MP+9:      It affects your magic capacity (+9).
 E - a ring of positive energy
 F - a ring of willpower
 G - a ring of see invisible (right hand)
 H - a ring of willpower
Talismans
 v - a beast talisman
Wands
 A - a wand of digging (8)
 B - a wand of quicksilver (16)
 C - a wand of roots (4)
 D - a wand of polymorph (3)
Scrolls
 e - 3 scrolls of fog
 h - 2 scrolls of fear
 u - 2 scrolls of immolation
 z - 4 scrolls of teleportation
 I - a scroll of revelation
 K - 2 scrolls of blinking {unknown}
 O - a scroll of vulnerability
 Q - a scroll of poison
Potions
 k - a potion of lignification
 l - 4 potions of enlightenment
 o - a potion of heal wounds {unknown}
 p - 5 potions of curing
 r - 5 potions of attraction
 t - a potion of resistance
 w - 4 potions of magic
 x - a potion of haste
 L - 4 potions of invisibility
 N - 3 potions of might


   Skills:
 + Level 8.3 Fighting
 - Level 2.0 Dodging
 - Level 2.0 Stealth
 + Level 12.0 Spellcasting
 - Level 5.0 Summonings
 - Level 6.0 Translocations
 - Level 11.0 Ice Magic
 + Level 9.1 Invocations


You had 19 spell levels left.
You knew the following spells:

 Your Spells              Type           Power      Damage    Failure   Level
a - Freeze                Ice            100%       1d10      1%          1
b - Frozen Ramparts       Ice            100%       1d16      1%          3
c - Summon Ice Beast      Ice/Summ       41%        N/A       2%          4
d - Ensorcelled Hibernat  Hex/Ice        64%        N/A       1%          2
o - Ozocubu's Armour      Ice            52%        N/A       1%          3
p - Passage of Golubria   Tloc           34%        N/A       4%          4

Your spell library contained the following spells:

 Spells                   Type           Power      Damage    Failure   Level
 Anguish                  Hex/Necr       5%         N/A       52%         4
 Cause Fear               Hex            5%         N/A       52%         4


Dungeon Overview and Level Annotations

Branches:
Dungeon (9/15)             Temple (1/1) D:6            Lair (3/5) D:9
  Swamp (0/4) Lair:3       Spider (0/4) Lair:3        Sewer (visited)
 Bailey (visited)
    Orc: D:9-12

Altars:
Ashenzari
Cheibriados
Dithmenos
Elyvilon
Fedhas
Gozag
Hepliaklqana
Kikubaaqudgha
Makhleb
Nemelex Xobeh
Okawaru
Qazlal
Ru
Sif Muna
Trog
Uskayaw
Vehumet
Xom
Yredelemnul
Zin
The Shining One


Message History

The wolf simulacrum bites you but does no damage.
The redback simulacrum completely resists.
The wall freezes the redback simulacrum but does no damage.
The redback simulacrum bites you but does no damage.
The wolf simulacrum completely resists.
The wall freezes the wolf simulacrum but does no damage.
The wolf simulacrum closely misses you.
Your ice beast hits the jumping spider simulacrum.
Your ice beast freezes the jumping spider simulacrum.
The jumping spider simulacrum completely resists. x2
The wall freezes the jumping spider simulacrum but does no damage.
The jumping spider simulacrum barely misses you.
The jumping spider simulacrum bites you but does no damage.
The redback simulacrum completely resists.
The wall freezes the redback simulacrum but does no damage.
The redback simulacrum bites you but does no damage.
The wolf simulacrum completely resists.
The wall freezes the wolf simulacrum but does no damage.
The wolf simulacrum bites you but does no damage.
The wolf simulacrum completely resists.
The wall freezes the wolf simulacrum but does no damage.
The wolf simulacrum bites you but does no damage.
The wall freezes the cane toad simulacrum but does no damage.
The cane toad simulacrum hits you.
* * * LOW HITPOINT WARNING * * *
The cane toad simulacrum freezes you! You resist.
* * * LOW HITPOINT WARNING * * *
Your ice beast hits the jumping spider simulacrum.
Your ice beast freezes the jumping spider simulacrum.
The jumping spider simulacrum completely resists. x2
The wall freezes the jumping spider simulacrum but does no damage.
The jumping spider simulacrum misses you.
The jumping spider simulacrum bites you but does no damage.
Unknown command.
Your icy armour cracks and falls away as you move.
The frozen ramparts melt away as you move.
The wolf simulacrum closely misses you. The cane toad simulacrum hits you!
* * * LOW HITPOINT WARNING * * *
The cane toad simulacrum freezes you! You resist.
You die...

##.♣...♣.# .......
.#.......#......... ....
.....♣...#...^.... ....
#........#.#..... .....
#...#.#......#..###.....
...#†........#...^.....
....††.##..♣^.......#
..##<....##..#ZZ#...#
....†.....#+.^.Z@#
.#...........Y.Z#†......
#..............^...>...
................#.......
.#..............###.....
#................. .....
##................. ##..
#..............$.. ..
#..............s.#


You could see 2 wolf simulacra, a cane toad simulacrum, a jumping spider
simulacrum (ally target) and a friendly ice beast (summoned).

Vanquished Creatures
  A two-headed ogre (D:9)
  A boulder beetle (Lair:1)
  A pharaoh ant (Lair:3)
  Pikel (D:7)
  A will-o-the-wisp (Lair:3)
  2 elephants (Lair:2)
  A black mamba (Lair:3)
  Joseph (D:7)
  Jeremiah (D:6)
  5 cane toads
  A komodo dragon (Lair:2)
  4 rime drakes
  Psyche (D:8)
  2 polar bears
  A tarantella (Lair:3)
  A nameless horror (D:4)
  13 blink frogs
  A jumping spider (Lair:3)
  A shadow (D:9)
  3 yaks (Lair:2)
  A wyvern (D:9)
  A basilisk (Lair:1)
  2 steam dragons
  A redback (Lair:3)
  Edmund (D:4)
  8 water moccasins
  6 orc warriors
  A black bear (D:6)
  An ice beast (D:5)
  2 sky beasts (D:7)
  2 ogres
  19 wolves
  3 lemures (D:7)
  2 phantoms
  5 kobold brigands
  5 bullfrogs
  3 wights (D:7)
  8 killer bees
  3 howler monkeys
  3 orc priests
  A hound (D:4)
  A jelly (D:7)
  2 sleepcaps (D:5)
  An iron imp (D:8)
  Crazy Yiuf (D:7)
  6 iguanas
  6 orc wizards
  Robin (D:2)
  10 adders
  A shadow imp (D:7)
  3 white imps
  2 ufetubi
  4 worms
  2 dart slugs
  34 orcs
  4 bats
  6 endoplasms
  4 giant cockroaches
  16 goblins
  12 hobgoblins
  2 jackals (Sewer)
  15 kobolds
  7 quokkas
  8 ball pythons
  5 frilled lizards
  10 rats
  A butterfly (D:2)
285 creatures vanquished.

Vanquished Creatures (collateral kills)
  Gastronok (Lair:2)
  An orc warlord (Bailey)
  A hydra (Lair:2)
  An orc knight (Bailey)
  3 elephants (Lair:2)
  A cane toad (Lair:1)
  A komodo dragon (Lair:3)
  A rime drake (Lair:1)
  4 blink frogs
  Eustachio (D:6)
  2 wyverns (Lair:3)
  A basilisk (Lair:3)
  A water moccasin (D:7)
  A hound (D:6)
  A sleepcap (D:6)
  An orc (Bailey)
  A kobold (Bailey)
23 creatures vanquished.

Vanquished Creatures (others)
  4 foxfires (Lair:3)
4 creatures vanquished.

Grand Total: 312 creatures vanquished

Notes
Turn   | Place    | Note
-------+----------+-------------------------------------------
     0 | D:1      | Frod the Human Ice Elementalist began the quest for the
                  | Orb.
     0 | D:1      | Reached XP level 1. HP: 13/13 MP: 3/3
   366 | D:1      | Reached XP level 2. HP: 19/19 MP: 3/5
  1105 | D:2      | Noticed Robin
  1129 | D:2      | Killed Robin
  1130 | D:2      | Reached XP level 3. HP: 21/24 MP: 1/6
  1136 | D:1      | Learned a level 3 spell: Frozen Ramparts
  1476 | D:2      | Reached XP level 4. HP: 30/30 MP: 3/7
  1511 | D:2      | Reached skill level 5 in Ice Magic
  1515 | D:2      | Learned a level 3 spell: Ozocubu's Armour
  1922 | D:2      | Reached skill level 1 in Summonings
  2104 | D:2      | Reached XP level 5. HP: 35/35 MP: 5/9
  2367 | D:3      | Reached skill level 3 in Spellcasting
  2611 | D:3      | Reached XP level 6. HP: 32/41 MP: 4/10
  3454 | D:4      | Noticed Edmund
  3462 | D:4      | Learned a level 4 spell: Summon Ice Beast
  3462 | D:4      | Noticed a nameless horror
  3535 | D:4      | HP: 1/41 [nameless horror[miscasting Summon Ice Beast] (4)]
  3748 | D:4      | Found an opulent altar of Gozag.
  3749 | D:4      | Found a hide-covered altar of Uskayaw.
  3898 | D:4      | Noticed an ogre
  3917 | D:4      | Killed an ogre
  3918 | D:4      | Reached XP level 7. HP: 46/46 MP: 3/12
  4143 | D:4      | Killed Edmund
  4370 | D:4      | Killed a nameless horror
  4694 | D:5      | Entered Level 5 of the Dungeon
  4711 | D:5      | Reached skill level 4 in Spellcasting
  4871 | D:5      | Found a glowing drain.
  4922 | Sewer    | Entered a sewer
  5016 | Sewer    | Reached skill level 5 in Summonings
  5016 | Sewer    | Reached XP level 8. HP: 48/52 MP: 3/14
  5155 | Sewer    | Found a glowing silver altar of Zin.
  5337 | D:5      | Reached skill level 5 in Spellcasting
  5406 | D:5      | Learned a level 2 spell: Ensorcelled Hibernation
  5569 | D:5      | Found a glowing silver altar of Zin.
  6224 | D:6      | Noticed Eustachio
  6241 | D:6      | Killed Eustachio
  6242 | D:6      | Reached skill level 6 in Spellcasting
  6242 | D:6      | Reached XP level 9. HP: 52/57 MP: 8/18
  6506 | D:6      | Found a staircase to the Ecumenical Temple.
  6551 | Temple   | Entered the Ecumenical Temple
  6622 | Temple   | Became a worshipper of Sif Muna the Loreminder
  6982 | D:6      | Noticed Jeremiah
  6998 | D:6      | Killed Jeremiah
  6999 | D:6      | Reached skill level 7 in Spellcasting
  7130 | D:7      | Noticed Pikel
  7138 | D:7      | Killed Pikel
  7282 | D:7      | Reached XP level 10. HP: 63/63 MP: 17/21
  7585 | D:6      | Reached skill level 8 in Spellcasting
  7609 | D:7      | Noticed Joseph
  7628 | D:7      | Killed Joseph
  7629 | D:7      | Reached skill level 10 in Ice Magic
  7693 | D:7      | Found a flagged portal.
  7751 | Bailey   | Entered a bailey
  7816 | Bailey   | Noticed an orc warlord
  7852 | Bailey   | Noticed an orc knight
  7863 | Bailey   | Killed an orc knight
  8062 | Bailey   | Found a runed translucent gate.
  8068 | Bailey   | Found a runed translucent gate.
  8069 | Bailey   | Found a runed translucent gate.
  8219 | Bailey   | Killed an orc warlord
  8219 | Bailey   | Reached * piety under Sif Muna
  8220 | Bailey   | Reached skill level 9 in Spellcasting
  8302 | Bailey   | Identified the +7 quarterstaff "Camor" {protect, *Rage rC+
                  | Str+6 Dex+3}
  8873 | D:7      | Found a runed translucent door.
  8878 | D:7      | Noticed Crazy Yiuf
  8892 | D:7      | Killed Crazy Yiuf
  8893 | D:7      | Reached skill level 1 in Invocations
  9080 | D:8      | Got the Precepts of the Jinx and the Blink Frog
  9120 | D:8      | Reached skill level 1 in Fighting
  9429 | D:8      | Noticed Psyche
  9445 | D:8      | Killed Psyche
  9446 | D:8      | Reached skill level 1 in Translocations
  9526 | D:8      | Reached XP level 11. HP: 72/72 MP: 17/24
  9744 | D:8      | Found a burning altar of Makhleb.
 10119 | D:9      | Found a staircase to the Lair.
 10340 | D:9      | Noticed a two-headed ogre
 10351 | D:9      | Killed a two-headed ogre
 10756 | D:9      | Reached skill level 10 in Spellcasting
 10975 | D:9      | Acquired the ring of Daxteeh {rF++ MP+9}
 10999 | Lair:1   | Entered Level 1 of the Lair of Beasts
 11026 | Lair:1   | Learned a level 4 spell: Passage of Golubria
 11085 | Lair:1   | Reached ** piety under Sif Muna
 11271 | Lair:1   | Noticed a boulder beetle
 11285 | Lair:1   | Killed a boulder beetle
 11286 | Lair:1   | Reached skill level 5 in Invocations
 11645 | Lair:1   | Reached XP level 12. HP: 62/85 MP: 26/26
 11654 | Lair:1   | Reached skill level 5 in Fighting
 11654 | Lair:1   | Reached skill level 5 in Translocations
 12113 | Lair:2   | Noticed Gastronok
 12132 | Lair:2   | Killed Gastronok
 12385 | Lair:2   | Reached skill level 11 in Spellcasting
 12791 | Lair:2   | Noticed a four-headed hydra
 12800 | Lair:2   | Killed a four-headed hydra
 12800 | Lair:2   | Reached *** piety under Sif Muna
 12987 | Lair:2   | Reached XP level 13. HP: 47/96 MP: 28/28
 13392 | Lair:3   | Found a staircase to the Swamp.
 13481 | Lair:3   | Found a hole to the Spider Nest.
 13504 | Lair:3   | Reached skill level 12 in Spellcasting
 13507 | Lair:3   | HP: 2/99 [cane toad simulacrum (7)]
 13507 | Lair:3   | Mangled by a cane toad simulacrum

Illustrated notes

Levels and vault maps discovered:
D:1:      dpeg_arrival_arbitrary_c, layout_basic
D:2:      layout_basic, hangedman_glass_garden, minmay_misc_feat_ornament,
          minmay_heptomino_l4, uniq_robin
D:3:      layout_loops_ring
D:4:      layout_layer_cave, gammafunk_temple_overflow_pools,
          minmay_crystal_water, uniq_edmund
D:5:      layout_basic, old_standard_altar, gup_sewer_entry_pipe,
          minmay_quadrilaterals
D:6:      layout_basic, temple_pool_b, minmay_misc_feat_five, uniq_eustachio,
          uniq_jeremiah
D:7:      layout_basic, enter_bailey_3, uniq_pikel, uniq_joseph,
          uniq_crazy_yiuf_cottage
D:8:      layout_loops_ring, makhleb_grotto_becter, uniq_psyche
D:9:      layout_roguey, lair_entry_dummy
Temple:   minmay_temple_bridge_d
Lair:1:   layout_long_grid, lemuel_old_faithful
Lair:2:   layout_roguey, serial_bayou_shore_b, uniq_gastronok
Lair:3:   layout_gridlike, minmay_swamp_entry_wisps,
          nicolae_spider_entry_lesser_pyramids, gammafunk_ghost_necromancy,
          grunt_megastairs_4

Skill      XL: |  1  2  3  4  5  6  7  8  9 10 11 12 13 |
---------------+----------------------------------------+-----
Ice Magic      | 5 6 7 9 11 | 11.0
Summonings     | 1 2 3 5 |  5.0
Spellcasting   | 3 4 6 7 9 10 11 12 | 12.0
Invocations    | 2 5 8 9 |  9.1
Fighting       | 1 4 7 8 |  8.3
Translocations | 1 4 6 |  6.0
Dodging        | |  2.0
Stealth        | |  2.0

Action                     |  1- 3 |  4- 6 |  7- 9 | 10-12 | 13-15 || total
---------------------------+-------+-------+-------+-------+-------++-------
  Melee: Short sword       |     5 |       |       |       |       ||     5
         Dagger            |     2 |    50 |    71 |       |       ||   123
         Trident           |       |    28 |    92 |     9 |       ||   129
         Punch             |       |     1 |     3 |       |       ||     4
         Glaive            |       |       |       |    71 |    16 ||    87
         Battleaxe         |       |       |       |    76 |    10 ||    86
         Quarterstaff      |       |       |       |    29 |    13 ||    42
   Fire: Orcbow            |       |       |     8 |       |       ||     8
         Sling             |       |       |       |    15 |       ||    15
  Throw: Stone             |    18 |     2 |     2 |    15 |    10 ||    47
         Dart              |       |       |     2 |       |       ||     2
   Cast: Freeze            |    41 |    16 |    34 |    10 |       ||   101
         Frozen Ramparts   |     2 |    23 |    31 |    67 |     8 ||   131
         Ozocubu's Armour  |       |     2 |     9 |    36 |     3 ||    50
         Summon Ice Beast  |       |       |     5 |    30 |     5 ||    40
         Ensorcelled Hiber |       |       |     1 |     2 |       ||     3
         Passage of Golubr |       |       |       |     1 |     2 ||     3
Ability: Begin Untransform |       |       |     1 |       |       ||     1
    Use: Scroll            |       |    10 |     7 |     9 |     1 ||    27
         Potion            |       |     1 |       |     3 |     1 ||     5
   Stab: Sleeping          |     2 |     7 |     3 |     1 |       ||    13
 Armour: Robe              |     4 |    18 |    48 |   110 |    68 ||   248
  Dodge: Dodged            |    17 |    31 |    93 |   169 |    52 ||   362
   Form: Beast             |       |       |     1 |       |       ||     1

Table legend: (Time is in decaauts)
 A = Elapsed time spent in this place.
 B = Non-inter-level travel time spent in this place.
 C = Inter-level travel time spent in this place.
 D = Time resting spent in this place.
 E = Time spent auto-exploring this place.
 F = Levels seen in this place.
 G = Mean time per level.
                   A        B        C        D        E       F      G
               +--------+--------+--------+--------+--------+-----+--------+
         Total |  13758 |  13212 |    546 |    721 |   9093 |  15 |  917.2 |
       Dungeon |  10132 |   9768 |    364 |    459 |   6779 |   9 | 1125.8 |
        Temple |    142 |      2 |    140 |      0 |      0 |   1 |  142.0 |
          Lair |   2602 |   2560 |     42 |     16 |   1987 |   3 |  867.3 |
         Sewer |    308 |    308 |      0 |     14 |    234 |   1 |  308.0 |
        Bailey |    571 |    571 |      0 |    231 |     92 |   1 |  571.0 |
               +--------+--------+--------+--------+--------+-----+--------+

Top non-repeatable levels by time:
     D:4: 1535 daAuts
  Lair:2: 1317 daAuts
     D:7: 1285 daAuts
     D:2: 1164 daAuts
     D:9: 1088 daAuts
  Lair:1: 1079 daAuts
     D:5: 1077 daAuts
     D:1: 1051 daAuts
     D:6: 1026 daAuts
     D:8: 953 daAuts
     D:3: 950 daAuts
  Bailey: 571 daAuts
   Sewer: 308 daAuts
  Lair:3: 205 daAuts
  Temple: 142 daAuts
